 Dungeon Crawl Stone Soup version 0.31-a0-210-gccc998df9b (webtiles) character file.

Game seed: 9658582252968382925

3451 qw the Skirmisher (level 9, -9/79 HPs)
             Began as a Minotaur Hexslinger on June 30, 2023.
             Was a Follower of Okawaru.
             Shot with an arrow by a centaur warrior (20 damage)
             ... on level 8 of the Dungeon.
             The game lasted 00:03:13 (8224 turns).

qw the Skirmisher (Minotaur Hexslinger)             Turns: 8224, Time: 00:03:13

Health: -9/79      AC: 11    Str: 19    XL:     9   Next: 78%
Magic:  9/11       EV: 18    Int: 10    God:    Okawaru [*.....]
Gold:   384        SH:  0    Dex: 17    Spells: 9/10 levels left

rFire   . . .        Y - +0 orcbow
rCold   . . .        (shield currently unavailable)
rNeg    . . .        o - +0 steam dragon scales
rPois   .            (helmet restricted)
rElec   .            j - +0 cloak
rCorr   .            e - +0 pair of gloves
SInv    .            k - +0 pair of boots {rampage}
Will    .....        (no amulet)
Stlth   +++          g - +6 ring of strength
HPRegen 0.33/turn    (no ring)
MPRegen 0.12/turn

%: rampage
@: about to teleport, heroic
A: horns 2, retaliatory headbutt
a: Renounce Religion, Heroism


You were on level 8 of the Dungeon.
You worshipped Okawaru.
Okawaru was aware of your devotion.
You visited 2 branches of the dungeon, and saw 9 of its levels.

You collected 622 gold pieces.
You spent 238 gold pieces at shops.


Innate Abilities, Weirdness & Mutations

You have a pair of horns on your head.
You reflexively headbutt those who attack you in melee.


   Skills:
 - Level 7.2(12.2) Fighting
 + Level 11.7(16.7) Ranged Weapons
 - Level 3.8(8.8) Armour
 - Level 5.1(10.1) Dodging
 - Level 1.0 Spellcasting
 - Level 2.0 Hexes
 - Level 4.1 Invocations


You had 9 spell levels left.
You knew the following spells:

 Your Spells              Type           Power      Damage    Failure   Level
a - Slow                  Hex            16%        N/A       16%         1

Your spell library contained the following spells:

 Spells                   Type           Power      Damage    Failure   Level
 Inner Flame              Hex/Fire       2%         N/A       56%         3
 Portal Projectile        Hex/Tloc       4%         N/A       56%         3
 Cause Fear               Hex            2%         N/A       83%         4

Inventory:

Hand Weapons
 Y - a +0 orcbow (weapon)
Armour
 e - a +0 pair of gloves (worn)
 h - a +1 leather armour of willpower
 j - a +0 cloak (worn)
 k - a +0 pair of boots of rampaging (worn)
 o - +0 steam dragon scales (worn)
Jewellery
 g - a +6 ring of strength (left hand)
Wands
 i - a wand of digging (6)
Scrolls
 a - 3 scrolls of identify
 m - a scroll of acquirement {unknown}
Potions
 b - 2 potions of enlightenment
 d - a potion of cancellation
 f - a potion of resistance
 l - 2 potions of curing

Dungeon Overview and Level Annotations

Branches:
Dungeon (8/15)             Temple (1/1) D:4
   Lair: D:8-11

Altars:
Cheibriados
Dithmenos
Elyvilon
Fedhas
Gozag
Kikubaaqudgha
Makhleb
Nemelex Xobeh
Okawaru
Qazlal
Ru
Sif Muna
Uskayaw
Wu Jian
Xom
Zin
The Shining One

Shops:
D:4 :   D:7 *

Annotations:
D:6 exclusion: 2 wights


Message History

The ball of steam hits you. You resist.
You shoot an arrow. The arrow hits the steam dragon.
The steam dragon is almost dead.
You shoot an arrow. The arrow hits the steam dragon!
You kill the steam dragon!
Okawaru accepts your kill.
You start resting.
A centaur warrior comes into view.
The centaur warrior moves out of view.
You start resting.
A centaur warrior is nearby!
You shoot an arrow.
The arrow closely misses the centaur warrior.
You feel like a meek peon again.
The centaur warrior wields a +0 orcbow.
The centaur warrior shoots an arrow.
The arrow closely misses you.
You shoot an arrow.
The arrow barely misses the centaur warrior.
The centaur warrior shoots an arrow.
The arrow barely misses you.
You shoot an arrow.
The arrow barely misses the centaur warrior.
The centaur warrior shoots an arrow.
The arrow barely misses you.
You shoot an arrow. The arrow hits the centaur warrior.
The centaur warrior is lightly wounded.
The centaur warrior shoots an arrow.
The arrow hits you!!
You shoot an arrow.
The arrow barely misses the centaur warrior.
The centaur warrior shoots an arrow.
The arrow hits you!!
The centaur warrior shoots an arrow.
The arrow hits you!
8222 ||| INVOKING Heroism.
You gain the combat prowess of a mighty hero.
The centaur warrior shoots an arrow.
The arrow closely misses you.
You shoot an arrow. The arrow hits the centaur warrior!
The centaur warrior is moderately wounded.
The centaur warrior shoots an arrow.
The arrow hits you!
8224 ||| READING scroll of teleportation.
As you read the scroll of teleportation, it crumbles to dust.
You feel strangely unstable.
The centaur warrior shoots an arrow.
The arrow hits you!!
You die...

########## #......#.##
##### #.####....##
....# #.####.....##
###.######.#.........#
# #..........##.....##
###.######.####.@..##
....# #......#.##
#.### ########.# #..#
.# ##.# c# #.# .# ##.#
.. ...# .. ####


You could see a centaur warrior.

Vanquished Creatures
  Joseph (D:8)
  Sigmund (D:3)
  3 steam dragons
  Edmund (D:5)
  An ice beast (D:5)
  A water moccasin (D:8)
  2 ogres
  2 phantoms
  2 centaurs
  A kobold brigand (D:8)
  A gnoll sergeant (D:8)
  5 scorpions
  3 bullfrogs
  3 wights (D:6)
  6 killer bees (D:7)
  3 hounds
  3 jellies
  3 orc priests
  A gnoll bouda (D:6)
  A sleepcap (D:5)
  4 iguanas
  11 gnolls
  8 adders
  A shadow imp (D:6)
  2 white imps
  2 ufetubi (D:6)
  4 worms
  2 dart slugs (D:2)
  12 orcs
  5 bats
  4 endoplasms
  5 giant cockroaches
  12 goblins
  10 hobgoblins
  2 jackals (D:1)
  A quokka (D:4)
  5 ball pythons
  14 kobolds
  2 rats
150 creatures vanquished.

Notes
Turn   | Place    | Note
-------+----------+-------------------------------------------
     0 | D:1      | qw the Minotaur Hexslinger began the quest for the Orb.
     0 | D:1      | Reached XP level 1. HP: 16/16 MP: 1/1
     0 | D:1      | 0 ||| qw: Version: 0.3-a-26-gee661ec
     0 | D:1      | 0 ||| qw: Game counter: 7235
     0 | D:1      | 0 ||| qw: Melee chars always use a shield: true
     0 | D:1      | 0 ||| qw: God list: Okawaru
     0 | D:1      | 0 ||| qw: Allow faded altars: false
     0 | D:1      | 0 ||| qw: Do Orc after clearing Dungeon:15 true
     0 | D:1      | 0 ||| qw: Do second Lair branch before Depths: true
     0 | D:1      | 0 ||| qw: Lair rune preference: random
     0 | D:1      | 0 ||| qw: Goals: Normal
     0 | D:1      | 0 ||| PLANNING D:1-11
   136 | D:1      | Reached skill level 3 in Ranged Weapons
   139 | D:1      | Reached XP level 2. HP: 23/23 MP: 2/2
   412 | D:1      | Reached XP level 3. HP: 17/29 MP: 3/3
   571 | D:1      | 571 ||| UPGRADING to +0 pair of gloves.
   576 | D:1      | 576 ||| UPGRADING to +0 ring mail.
   586 | D:1      | 586 ||| DROPPING +0 robe.
   587 | D:1      | 587 ||| READING 3 scrolls labelled FAZARI KUDELATY.
   588 | D:1      | 588 ||| READING scroll labelled LYTYEK BOEG.
   589 | D:1      | 589 ||| READING scroll labelled SUEXKE EL CUOSCH.
   593 | D:1      | 593 ||| DRINKING 2 blue potions.
   598 | D:1      | 598 ||| READING 2 scrolls of identify.
   598 | D:1      | 598 ||| IDENTIFYING fizzy cyan potion
   599 | D:1      | 599 ||| DROPPING scroll of poison.
   600 | D:1      | 600 ||| DROPPING potion of ambrosia.
   630 | D:2      | HP: 5/29 [worm (5)]
   631 | D:2      | 631 ||| DRINKING potion of heal wounds.
   636 | D:2      | HP: 2/29 [worm (7)]
   759 | D:2      | 759 ||| READING 3 scrolls of enchant weapon.
   759 | D:2      | 759 ||| ENCHANTING +2 sling.
   760 | D:2      | 760 ||| READING 2 scrolls of enchant weapon.
   760 | D:2      | 760 ||| ENCHANTING +3 sling.
   761 | D:2      | 761 ||| READING scroll of enchant weapon.
   761 | D:2      | 761 ||| ENCHANTING +4 sling.
   915 | D:2      | Reached skill level 4 in Ranged Weapons
   926 | D:2      | Found a faded altar of an unknown god.
   978 | D:2      | Found a white marble altar of Elyvilon.
  1266 | D:2      | 1266 ||| DROPPING scarf of harm.
  1267 | D:2      | 1267 ||| READING scroll labelled FIDAUF HEAPPA.
  1268 | D:2      | 1268 ||| DRINKING 2 viscous coppery potions.
  1269 | D:2      | 1269 ||| READING 4 scrolls of identify.
  1269 | D:2      | 1269 ||| IDENTIFYING coppery potion
  1270 | D:2      | 1270 ||| READING 3 scrolls of identify.
  1270 | D:2      | 1270 ||| IDENTIFYING white potion
  1271 | D:2      | 1271 ||| DROPPING potion of degeneration.
  1272 | D:2      | 1272 ||| DROPPING potion of invisibility.
  1294 | D:3      | Identified the +4 trident of Dullness {heavy, Fly rElec}
  1452 | D:3      | Reached skill level 1 in Armour
  1576 | D:3      | Reached XP level 4. HP: 36/36 MP: 4/4
  1931 | D:3      | Found a snail-covered altar of Cheibriados.
  2151 | D:3      | Noticed Sigmund
  2156 | D:3      | Killed Sigmund
  2157 | D:3      | Reached skill level 6 in Ranged Weapons
  2157 | D:3      | Reached XP level 5. HP: 33/41 MP: 5/5
  2224 | D:3      | Reached XP level 6. HP: 48/48 MP: 6/6
  2402 | D:3      | 2402 ||| READING scroll labelled KUACVI KOSTARA.
  2403 | D:3      | 2403 ||| READING 4 scrolls of identify.
  2403 | D:3      | 2403 ||| IDENTIFYING murky white potion
  2404 | D:3      | 2404 ||| READING 3 scrolls of identify.
  2404 | D:3      | 2404 ||| IDENTIFYING glowing sapphire potion
  2433 | D:4      | Reached skill level 3 in Fighting
  2560 | D:4      | Found a staircase to the Ecumenical Temple.
  2561 | D:4      | 2561 ||| PLANNING TEMPLE
  2571 | D:4      | 2571 ||| DROPPING ring of magical power.
  2573 | Temple   | Entered the Ecumenical Temple
  2611 | Temple   | 2611 ||| PLANNING OKAWARU WORSHIP
  2806 | Temple   | Became a worshipper of Warmaster Okawaru
  2807 | Temple   | 2807 ||| PLANNING D:1-11
  2892 | D:4      | Found a burning altar of Makhleb.
  2897 | D:4      | Found a glowing golden altar of the Shining One.
  2927 | D:4      | You fall into a shaft and drop 3 floors!
  3040 | D:7      | Found a sacrificial altar of Ru.
  3151 | D:7      | 3151 ||| READING scroll labelled YCLARYAGEY.
  3193 | D:6      | Reached skill level 7 in Ranged Weapons
  3273 | D:6      | Reached XP level 7. HP: 46/59 MP: 7/7
  3381 | D:6      | Reached * piety under Okawaru
  3382 | D:6      | Reached skill level 8 in Ranged Weapons
  3400 | D:5      | Entered Level 5 of the Dungeon
  3401 | D:5      | 3401 ||| PLANNING SEWER
  3417 | D:5      | Noticed Edmund
  3418 | D:5      | 3418 ||| INVOKING Heroism.
  3435 | D:5      | HP: 13/59 [Edmund/puff of flame (4)]
  3436 | D:5      | 3436 ||| READING scroll of teleportation.
  3437 | D:5      | 3437 ||| DRINKING 2 potions of heal wounds.
  3552 | D:5      | 3552 ||| Stepping ~*~*~tactically~*~*~ (outnumbered).
  3633 | D:5      | 3633 ||| Stepping ~*~*~tactically~*~*~ (water).
  3810 | D:5      | Reached skill level 1 in Invocations
  4070 | D:5      | Found a glowing drain.
  4128 | D:5      | 4128 ||| UPGRADING to +6 ring of strength.
  4129 | D:5      | 4129 ||| READING 2 scrolls of identify.
  4129 | D:5      | 4129 ||| IDENTIFYING clear potion
  4146 | D:5      | 4146 ||| Stepping randomly (stuck).
  4147 | D:5      | 4147 ||| Stepping randomly (stuck).
  4148 | D:5      | 4148 ||| Stepping randomly (stuck).
  4149 | D:5      | 4149 ||| Stepping randomly (stuck).
  4150 | D:5      | 4150 ||| Stepping randomly (stuck).
  4151 | D:5      | 4151 ||| Stepping randomly (stuck).
  4152 | D:5      | 4152 ||| Stepping randomly (stuck).
  4153 | D:5      | 4153 ||| Stepping randomly (stuck).
  4154 | D:5      | 4154 ||| Stepping randomly (stuck).
  4155 | D:5      | 4155 ||| Stepping randomly (stuck).
  4156 | D:5      | 4156 ||| Stepping randomly (stuck).
  4157 | D:5      | 4157 ||| Stepping randomly (stuck).
  4158 | D:5      | 4158 ||| Stepping randomly (stuck).
  4159 | D:5      | 4159 ||| Stepping randomly (stuck).
  4160 | D:5      | 4160 ||| Stepping randomly (stuck).
  4161 | D:5      | 4161 ||| Stepping randomly (stuck).
  4162 | D:5      | 4162 ||| Stepping randomly (stuck).
  4163 | D:5      | 4163 ||| Stepping randomly (stuck).
  4164 | D:5      | 4164 ||| Stepping randomly (stuck).
  4165 | D:5      | 4165 ||| Stepping randomly (stuck).
  4166 | D:5      | 4166 ||| Stepping randomly (stuck).
  4167 | D:5      | 4167 ||| Stepping randomly (stuck).
  4168 | D:5      | 4168 ||| Stepping randomly (stuck).
  4169 | D:5      | 4169 ||| Stepping randomly (stuck).
  4170 | D:5      | 4170 ||| Stepping randomly (stuck).
  4171 | D:5      | 4171 ||| Stepping randomly (stuck).
  4172 | D:5      | 4172 ||| Stepping randomly (stuck).
  4173 | D:5      | 4173 ||| Stepping randomly (stuck).
  4174 | D:5      | 4174 ||| Stepping randomly (stuck).
  4175 | D:5      | 4175 ||| Stepping randomly (stuck).
  4176 | D:5      | 4176 ||| Stepping randomly (stuck).
  4177 | D:5      | 4177 ||| Stepping randomly (stuck).
  4178 | D:5      | 4178 ||| Stepping randomly (stuck).
  4179 | D:5      | 4179 ||| Stepping randomly (stuck).
  4180 | D:5      | 4180 ||| Stepping randomly (stuck).
  4181 | D:5      | 4181 ||| Stepping randomly (stuck).
  4182 | D:5      | 4182 ||| Stepping randomly (stuck).
  4183 | D:5      | 4183 ||| Stepping randomly (stuck).
  4184 | D:5      | 4184 ||| Stepping randomly (stuck).
  4185 | D:5      | 4185 ||| Stepping randomly (stuck).
  4186 | D:5      | 4186 ||| Stepping randomly (stuck).
  4187 | D:5      | 4187 ||| Stepping randomly (stuck).
  4188 | D:5      | 4188 ||| Stepping randomly (stuck).
  4189 | D:5      | 4189 ||| Stepping randomly (stuck).
  4190 | D:5      | 4190 ||| Stepping randomly (stuck).
  4191 | D:5      | 4191 ||| Stepping randomly (stuck).
  4192 | D:5      | 4192 ||| Stepping randomly (stuck).
  4193 | D:5      | 4193 ||| Stepping randomly (stuck).
  4194 | D:5      | 4194 ||| Stepping randomly (stuck).
  4195 | D:5      | 4195 ||| Stepping randomly (stuck).
  4196 | D:5      | 4196 ||| Stepping randomly (stuck).
  4197 | D:5      | 4197 ||| Stepping randomly (stuck).
  4198 | D:5      | 4198 ||| Stepping randomly (stuck).
  4199 | D:5      | 4199 ||| Stepping randomly (stuck).
  4200 | D:5      | 4200 ||| Stepping randomly (stuck).
  4201 | D:5      | 4201 ||| Stepping randomly (stuck).
  4202 | D:5      | 4202 ||| Stepping randomly (stuck).
  4203 | D:5      | 4203 ||| Stepping randomly (stuck).
  4204 | D:5      | 4204 ||| Stepping randomly (stuck).
  4205 | D:5      | 4205 ||| STAIRDANCE
  4207 | D:4      | 4207 ||| RIP SEWER
  4207 | D:4      | 4207 ||| PLANNING D:1-11
  4314 | D:4      | Found Talel's Book Emporium.
  4420 | D:4      | Found a sparkling altar of Nemelex Xobeh.
  4611 | D:4      | Found an ancient bone altar of Kikubaaqudgha.
  4775 | D:5      | Reached XP level 8. HP: 51/68 MP: 7/9
  4925 | D:5      | 4925 ||| INVOKING Heroism.
  4930 | D:5      | Reached skill level 3 in Invocations
  5069 | D:5      | 5069 ||| INVOKING Heroism.
  5086 | D:5      | Killed Edmund
  5171 | D:5      | 5171 ||| Stepping ~*~*~tactically~*~*~ (water).
  5179 | D:5      | Reached skill level 9 in Ranged Weapons
  5468 | D:6      | 5468 ||| INVOKING Heroism.
  5472 | D:6      | Reached skill level 3 in Dodging
  5554 | D:6      | 5554 ||| INVOKING Heroism.
  5555 | D:6      | 5555 ||| UPGRADING to +0 cloak.
  5556 | D:6      | HP: 10/61 [wight/+1 halberd (12)]
  5558 | D:6      | HP: 3/59 [wight/+1 halberd (2)]
  5560 | D:6      | 5560 ||| DRINKING potion of heal wounds.
  5749 | D:6      | 5749 ||| INVOKING Heroism.
  5754 | D:6      | 5754 ||| Stepping ~*~*~tactically~*~*~ (outnumbered).
  5782 | D:6      | Reached skill level 6 in Fighting
  6037 | D:6      | 6037 ||| INVOKING Heroism.
  6150 | D:6      | 6150 ||| INVOKING Heroism.
  6215 | D:6      | Reached skill level 10 in Ranged Weapons
  6351 | D:6      | 6351 ||| READING scroll labelled ANEOXI CEDOLA.
  6383 | D:7      | 6383 ||| STAIRDANCE
  6464 | D:7      | 6464 ||| STAIRDANCE
  6472 | D:6      | Reached skill level 3 in Armour
  6472 | D:6      | Reached XP level 9. HP: 35/75 MP: 11/11
  6618 | D:7      | Found Kickeull's Assorted Antiques.
  6627 | D:7      | 6627 ||| BUYING pair of embroidered boots (210 gold).
  6627 | D:7      | Bought a pair of embroidered boots for 210 gold pieces
  6627 | D:7      | 6627 ||| BUYING scroll labelled PURCHE ZUAZ (28 gold).
  6627 | D:7      | Bought a scroll labelled PURCHE ZUAZ for 28 gold pieces
  6676 | D:7      | 6676 ||| INVOKING Heroism.
  7136 | D:7      | 7136 ||| INVOKING Heroism.
  7171 | D:7      | 7171 ||| INVOKING Heroism.
  7179 | D:7      | 7179 ||| Stepping ~*~*~tactically~*~*~ (cloud).
  7184 | D:7      | 7184 ||| Stepping ~*~*~tactically~*~*~ (cloud).
  7185 | D:7      | 7185 ||| Stepping ~*~*~tactically~*~*~ (cloud).
  7524 | D:7      | 7524 ||| SWAPPING to +0 orcbow.
  7525 | D:7      | 7525 ||| DROPPING +5 sling.
  7526 | D:7      | 7526 ||| UPGRADING to +0 pair of boots of rampaging.
  7531 | D:7      | 7531 ||| UPGRADING to +0 steam dragon scales.
  7541 | D:7      | 7541 ||| DROPPING +0 ring mail.
  7542 | D:7      | 7542 ||| READING scroll labelled PURCHE ZUAZ.
  7656 | D:7      | 7656 ||| READING scroll labelled INKUKL ENNIBEPN.
  7714 | D:8      | Found a blossoming altar of Fedhas.
  7761 | D:8      | Noticed Joseph
  7762 | D:8      | 7762 ||| Stepping ~*~*~tactically~*~*~ (outnumbered).
  7775 | D:8      | 7775 ||| INVOKING Heroism.
  7784 | D:8      | Killed Joseph
  7785 | D:8      | Reached skill level 11 in Ranged Weapons
  7997 | D:8      | 7997 ||| Stepping ~*~*~tactically~*~*~ (outnumbered).
  7999 | D:8      | 7999 ||| Stepping ~*~*~tactically~*~*~ (outnumbered).
  8001 | D:8      | 8001 ||| Stepping ~*~*~tactically~*~*~ (outnumbered).
  8003 | D:8      | 8003 ||| Stepping ~*~*~tactically~*~*~ (outnumbered).
  8005 | D:8      | 8005 ||| Stepping ~*~*~tactically~*~*~ (outnumbered).
  8013 | D:8      | 8013 ||| INVOKING Heroism.
  8205 | D:8      | 8205 ||| INVOKING Heroism.
  8215 | D:8      | Noticed a centaur warrior
  8222 | D:8      | 8222 ||| INVOKING Heroism.
  8223 | D:8      | HP: 11/79 [centaur warrior/arrow (11)]
  8224 | D:8      | 8224 ||| READING scroll of teleportation.
  8224 | D:8      | Shot with an arrow by a centaur warrior

Levels and vault maps discovered:
D:1:      eino_arrival_water_star, layout_basic, st_stairs_3
D:2:      layout_rooms, basic_altar, ebering_ecumenical_altar_mist
D:3:      layout_basic, amcnicky_altar_gilded, serial_rivers,
          chequers_serial_rivers_large_b, chequers_serial_rivers_small_a,
          chequers_serial_rivers_micro_c, chequers_serial_rivers_small_3,
          chequers_serial_rivers_micro_a, minmay_quadrilaterals, uniq_sigmund
D:4:      layout_loops_ring, nemelex_dance_club_becter, jmf_multi_god_temple,
          kiku_gazebo_garden_becter, minmay_temple_entry_ruins, serial_shops,
          nicolae_book_shop_shelving, minmay_misc_feat_roman
D:5:      layout_basic, gup_sewer_entry_glass, serial_bayou,
          serial_bayou_pond_d, serial_bayou_pond_a, serial_bayou_ford_a,
          serial_bayou_pond_a, uniq_edmund
D:6:      layout_loops_ring
D:7:      layout_basic, nicolae_ru_awakened_eye, serial_shops,
          nicolae_shop_crystal
D:8:      layout_loops_cross, old_standard_altar, enter_bailey_8, serial_shops,
          shop, uniq_grum, uniq_joseph
Temple:   jpeg_temple_alley_garden

Skill      XL: |  1  2  3  4  5  6  7  8  9 |
---------------+----------------------------+-----
Ranged Weapons | 3 4 6 7 8 10 11 | 11.7
Fighting       | 2 4 5 6 7 |  7.2
Armour         | 1 2 3 |  3.8
Invocations    | 2 4 |  4.1
Dodging        | 3 5 |  5.1
Spellcasting   | |  1.0
Hexes          | |  2.0

Action                     |  1- 3 |  4- 6 |  7- 9 || total
---------------------------+-------+-------+-------++-------
   Fire: Sling             |   141 |   101 |   334 ||   576
         Orcbow            |       |       |    76 ||    76
 Invoke: Heroism           |       |       |    15 ||    15
    Use: Scroll            |    10 |     4 |     6 ||    20
         Potion            |     3 |       |     2 ||     5
 Armour: Robe              |     5 |       |       ||     5
         Ring mail         |     8 |    20 |    40 ||    68
         Steam dragon scal |       |       |    11 ||    11
  Dodge: Dodged            |    29 |    35 |   186 ||   250

Table legend:
 A = Non-vault XP
 B = Vault XP
 C = Vault XP percentage of total XP
 D = Non-vault monster count
 E = Vault monster count
 F = Vault count percentage of total count
                 A         B        C        D         E       F
            +---------+---------+-------+---------+---------+-------
      Total |    3977 |     954 |  19.3 |     132 |      18 |  12.0
            +---------+---------+-------+---------+---------+-------
        D:1 |      37 |       5 |  11.9 |      21 |       3 |  12.5
        D:2 |      24 |       0 |   0.0 |       8 |       0 |   0.0
        D:3 |      94 |     263 |  73.7 |      18 |       7 |  28.0
        D:4 |     163 |      10 |   5.8 |      13 |       4 |  23.5
        D:5 |     652 |     178 |  21.4 |      15 |       3 |  16.7
        D:6 |    1225 |       0 |   0.0 |      28 |       0 |   0.0
        D:7 |    1104 |       0 |   0.0 |      17 |       0 |   0.0
        D:8 |     678 |     498 |  42.3 |      12 |       1 |   7.7
            +---------+---------+-------+---------+---------+-------
